 Dungeon Crawl Stone Soup version 0.26.1-2-gb8aa6d0cf2 (webtiles) character file.

Game seed: 15632664930906864846

140731 promet the Warrior (level 17, -1/178 HPs)
             Began as an Ogre Fighter on Mar 11, 2021.
             Was a High Priest of Hepliaklqana.
             Succumbed to a merfolk impaler's poison
             ... on level 2 of the Shoals on Mar 18, 2021.
             The game lasted 06:24:25 (55693 turns).

promet the Warrior (Ogre Fighter)                  Turns: 55693, Time: 06:24:27

Health: -1/178     AC:  5    Str: 25    XL:     17   Next: 31%
Magic:  24/24      EV: 31    Int: 13    God:    Hepliaklqana [*****.]
Gold:   1441       SH: 12    Dex: 16    Spells: 6/23 levels left

rFire    + . .     SeeInvis .   a - +2 hand axe "Toyl" {freeze, Str+3 Dex+4}
rCold    + . .     Faith    .   c - +0 kite shield
rNeg     + + .     Spirit   .   V - +2 robe {Archmagi}
rPois    .         Reflect  .   (helmet restricted)
rElec    +         Harm     .   t - scarf {repulsion}
rCorr    .         Rampage  .   (gloves unavailable)
Will     +....     Clarity  +   (boots unavailable)
Stlth    +++++.....             N - amulet "Jatwuffi" {Acrobat rN+ Dex-2 Slay+2}
HPRegen  0.39/turn              z - ring of Satyriasis {*Drain rF+ rC+ Dex+6 Slay+3 Stlth+}
MPRegen  0.19/turn              j - ring of Xauj Cugh {rElec rN+ Str-4 Int+3 Stlth+}

@: lethally poisoned (-1 -> -19), acrobat, repel missiles
A: large, unfitting armour, reduced essence, hooves 1, clarity, clumsy 1, high
mp 1, tough skin 1
a: Renounce Religion, Recall Ancestor, Ancestor Identity, Transference, Idealise


You were on level 2 of the Shoals.
You worshipped Hepliaklqana.
Hepliaklqana was extremely pleased with you.
You visited 5 branches of the dungeon, and saw 27 of its levels.

You collected 3085 gold pieces.
You spent 1644 gold pieces at shops.

Inventory:

Hand Weapons
 a - the +2 hand axe "Toyl" (weapon) {freeze, Str+3 Dex+4}
   (You bought it in a shop on level 2 of the Orcish Mines)

   It has been specially enchanted to freeze those struck by it, causing extra
   injury to most foes and up to half again as much damage against particularly
   susceptible opponents.
   It can also slow down cold-blooded creatures.
   It affects your strength (+3).
   It affects your dexterity (+4).
 b - a +6 vorpal mace
 n - a +0 hunting sling of freezing
 q - a +2 hand axe of electrocution
 B - a +2 rapier of speed
 E - a +2 long sword of protection
 G - a +4 trident
 K - a +5 morningstar of flaming
 M - a +1 glaive of venom
 S - a +5 vorpal great sword
Missiles
 e - 1036 stones
 g - 479 arrows
 m - 65 poisoned darts
 s - 139 sling bullets
 H - 46 large rocks (quivered)
 L - 4 curare-tipped darts
 T - 80 bolts
Armour
 c - a +0 kite shield (worn)
 t - a scarf of repulsion (worn)
 x - a +2 robe of cold resistance
 V - a +2 robe of the Archmagi (worn)
 W - a +2 kite shield of reflection
 Z - the +1 robe of Egalitarianism {rPois rC++ Int-2 Stlth+}
   (You found it on level 11 of the Dungeon)

   It affects your intelligence (-2).
   It greatly protects you from cold.
   It protects you from poison.
   It makes you more stealthy.
Jewellery
 i - a +6 ring of intelligence
 j - the ring of Xauj Cugh (right hand) {rElec rN+ Str-4 Int+3 Stlth+}
   (You found it on level 1 of the Orcish Mines)

   [ring of stealth]

   It affects your strength (-4).
   It affects your intelligence (+3).
   It insulates you from electricity.
   It protects you from negative energy.
   It makes you more stealthy.
 l - an uncursed ring of protection from fire
 o - an uncursed ring of attention
 r - an uncursed ring of willpower
 v - an uncursed ring of poison resistance
 z - the ring of Satyriasis (left hand) {*Drain rF+ rC+ Dex+6 Slay+3 Stlth+}
   (You acquired it on level 6 of the Dungeon)

   [ring of dexterity]

   It affects your dexterity (+6).
   It affects your accuracy and damage with ranged weapons and melee attacks
   (+3).
   It protects you from fire.
   It protects you from cold.
   It causes draining when unequipped.
   It makes you more stealthy.
 D - an uncursed ring of magical power
 J - an uncursed amulet of reflection
 N - the amulet "Jatwuffi" (around neck) {Acrobat rN+ Dex-2 Slay+2}
   (You took it off a tengu reaver on level 13 of the Dungeon)

   [amulet of the acrobat]

   It helps you evade while moving and waiting.
   It affects your dexterity (-2).
   It affects your accuracy and damage with ranged weapons and melee attacks
   (+2).
   It protects you from negative energy.
 R - an uncursed ring of resist corrosion
 U - an uncursed amulet of regeneration
Wands
 k - a wand of paralysis (15)
 A - a wand of disintegration (30)
 I - a wand of flame (55)
 Q - a wand of iceblast (28)
Scrolls
 h - 13 scrolls of remove curse
 p - 8 scrolls of identify
 w - 2 scrolls of fog
 F - a scroll of magic mapping
Potions
 d - 2 potions of brilliance
 C - 3 potions of flight
 Y - 3 potions of might
Miscellaneous
 f - a lightning rod (4/4)
 y - a phantom mirror
 P - a condenser vane


   Skills:
 * Level 19.2 Fighting
 + Level 4.4 Long Blades
 + Level 8.7(12.7) Axes
 + Level 10.6(11.6) Maces & Flails
 + Level 9.9(11.2) Polearms
 + Level 2.0(4.8) Slings
 * Level 9.0(9.2) Throwing
 + Level 9.6 Dodging
 + Level 6.3 Stealth
 + Level 9.4 Shields
 + Level 0.9 Unarmed Combat
 + Level 3.6 Spellcasting
 + Level 0.7 Hexes
 + Level 2.6 Necromancy
 + Level 7.4 Invocations
 + Level 0.8 Evocations


You had 6 spell levels left.
You knew the following spells:

 Your Spells              Type           Power        Failure   Level
a - Corona                Hex            6%           16%         1
b - Magic Dart            Conj           12%          22%         1
c - Slow                  Hex            6%           24%         2
d - Animate Skeleton      Necr           28%          7%          1
e - Blink                 Tloc           N/A          32%         2
f - Call Imp              Summ           3%           32%         2
g - Ensorcelled Hibernat  Hex/Ice        10%          28%         2
h - Tukima's Dance        Hex            6%           43%         3
i - Confusing Touch       Hex            6%           43%         3

Your spell library contained the following spells:

 Spells                   Type           Power        Failure   Level
 Apportation              Tloc           6%           22%         1
 Summon Small Mammal      Summ           12%          22%         1
 Dazzling Flash           Conj/Hex       10%          50%         3
 Conjure Flame            Conj/Fire      3%           54%         3
 Ignite Poison            Fire/Tmut/Pois 3%           54%         3
 Mephitic Cloud           Conj/Pois/Air  3%           54%         3
 Fireball                 Conj/Fire      1%           99%         5
 Starburst                Conj/Fire      1%           100%        6
 Ignition                 Fire           1%           100%        8


Dungeon Overview and Level Annotations

Branches:
Dungeon (15/15)            Temple (1/1) D:4            Lair (6/6) D:10
 Shoals (3/4) Lair:4       Spider (0/4) Lair:3        Slime (0/5) Lair:6
    Orc (2/2) D:9             Elf (0/3) Orc:2        Vaults (0/5) D:14
 Depths (0/5) D:15

Altars:
Ashenzari
Cheibriados
Dithmenos
Elyvilon
Fedhas
Gozag
Hepliaklqana
Kikubaaqudgha
Makhleb
Nemelex Xobeh
Okawaru
Qazlal
Ru
Sif Muna
Trog
Uskayaw
Vehumet
Wu Jian
Xom
Yredelemnul
Zin
The Shining One
Beogh
Jiyva

Shops:
D:4 =   D:8 ?   Orc:2 :*}}   Shoals:2 }[}*

Portals:
Trove: D:15 (give 6 scrolls of blinking)

Annotations:
Lair:3 1 runed translucent door, slughead422's ghost, journeyman GrFi
Lair:6 exclusion: oklob plant


Innate Abilities, Weirdness & Mutations

You are too large for most types of armour.
You have tough skin. (AC +1)
Your life essence is reduced to manifest your ancestor. (-10% HP)
You have large cloven feet.
You possess an exceptional clarity of mind.
You are clumsy. (Dex -2)
You have an increased reservoir of magic. (+10% MP)


Message History

* * * LOW HITPOINT WARNING * * *
You feel very sick.
* * * LOW HITPOINT WARNING * * *
You feel very sick.
* * * LOW HITPOINT WARNING * * *
You feel very sick.
Okay, then.
* * * LOW HITPOINT WARNING * * *
You feel very sick.
* * * LOW HITPOINT WARNING * * *
You feel very sick.
* * * LOW HITPOINT WARNING * * *
You feel very sick.
* * * LOW HITPOINT WARNING * * *
You feel very sick.
* * * LOW HITPOINT WARNING * * *
You feel sick.
* * * LOW HITPOINT WARNING * * *
You feel sick.
You die...

≈≈........>.........≈...[≈≈≈≈≈≈≈≈
≈)÷.÷!..........P..≈≈....≈≈≈≈≈≈≈.
≈..÷>.##.##.......≈≈≈.####.≈≈≈≈≈.
..................≈≈≈## #..≈≈≈^.
..................≈≈.# ##R.≈≈≈.
.................≈≈..# ##.t≈≈≈.
≈....≈≈.......≈≈≈...## #....≈≈≈
≈≈.≈≈≈≈≈......≈≈.#### ##§..≈≈≈
≈...≈≈≈≈≈....≈..@### #...≈≈≈
≈.#.≈≈≈≈≈≈P..≈≈....# #### #..≈≈≈≈
≈≈..≈≈≈≈P≈P≈P.≈≈...###..###..≈≈≈≈
PP...≈P≈≈≈.P.≈≈≈.......##..≈≈≈≈≈
≈P≈PPPP.≈P≈....≈≈....≈≈≈≈≈≈
≈≈P≈≈P..≈≈≈..#.≈≈m..≈≈≈≈≈≈≈
≈≈≈P..##...###..≈≈≈≈≈≈≈≈≈≈≈
≈≈≈≈≈......# #..≈≈≈≈≈≈≈≈≈≈≈
≈≈P≈≈≈≈≈≈≈.###..≈≈≈≈≈≈≈≈≈≈≈


You could see a merfolk impaler.

Vanquished Creatures
  Rupert (Lair:3)
  Polyphemus (Shoals:2)
  A sphinx (D:13)
  A tengu reaver (D:13)
  Kirke (D:13)
  Louise (D:14)
  An orc warlord (Orc:1)
  2 dire elephants
  Snorg (Lair:6)
  3 boulder beetles
  5 hydras
  A catoblepas (Shoals:2)
  A merfolk avatar (Shoals:2)
  3 centaur warriors
  An alligator snapping turtle (Shoals:2)
  8 death yaks
  2 orc high priests (Orc:2)
  A fire crab (Shoals:1)
  2 unseen horrors
  A deep elf archer (D:13)
  2 orc knights (Orc:1)
  9 harpies
  2 ugly things
  2 orc sorcerers
  4 fauns
  6 manticores
  An oklob plant (Lair:1)
  7 cyclopes
  3 black mambas
  A centaur zombie (D:14)
  6 merfolk sirens
  Joseph (D:7)
  16 elephants
  A water nymph (Shoals:1)
  2 gargoyles
  A torpor snail (Lair:2)
  12 cane toads
  4 rime drakes
  3 komodo dragons
  A tengu conjurer (D:15)
  8 merfolk
  6 trolls
  4 polar bears
  3 wind drakes
  6 slime creatures (D:15)
  2 snapping turtles (Shoals:2)
  19 blink frogs
  4 dream sheep
  5 wraiths
  7 wyverns
  3 shadows
  A tarantella (shapeshifter) (D:14)
  6 water elementals (Shoals:2)
  63 yaks
  2 hogs (D:13)
  2 fire bats (Shoals:1)
  3 basilisks
  A hog (shapeshifter) (D:15)
  3 vampire mosquitoes (D:15)
  2 soldier ants (D:12)
  2 acid dragons
  2 wargs
  11 water moccasins
  8 ice beasts
  8 phantoms
  2 black bears
  5 sky beasts
  9 ogres
  22 orc warriors
  6 wolves (Lair:4)
  A necrophage (D:7)
  5 centaurs
  13 bullfrogs
  A gnoll sergeant (D:12)
  A wyvern zombie (D:12)
  A hornet simulacrum (D:15)
  A scorpion (D:10)
  A troll zombie (D:9)
  3 wights (D:10)
  A howler monkey (D:8)
  A bullfrog zombie (D:6)
  2 quasits
  A bullfrog skeleton (D:7)
  2 centaur skeletons
  22 orc priests
  6 hounds
  3 iguanas
  24 orc wizards
  5 hell rats (Lair:3)
  14 worker ants
  3 ogre zombies (D:9)
  A bullfrog simulacrum (D:13)
  2 hound skeletons
  2 hound zombies
  7 gnolls
  21 adders
  3 white imps
  An ooze (D:2)
  3 ufetubi
  An adder zombie (D:8)
  An adder skeleton (D:6)
  3 worms
  2 dart slugs (D:1)
  5 leopard geckos
  58 orcs
  6 bats
  8 giant cockroaches
  4 goblins
  7 hobgoblins
  17 jackals
  9 kobolds
  5 quokkas
  3 ball pythons
  7 frilled lizards
  3 goblin skeletons (D:9)
  A goblin zombie (D:9)
  2 hobgoblin skeletons (D:9)
  A jackal skeleton (D:7)
  A jackal zombie (D:8)
  4 orc skeletons (D:9)
  8 orc zombies (D:9)
  4 rats
658 creatures vanquished.

Vanquished Creatures (collateral kills)
  2 orc warlords (Orc:1)
  A stone giant (D:14)
  A dire elephant (Lair:6)
  A merfolk impaler (Shoals:2)
  A merfolk javelineer (Shoals:2)
  2 merfolk avatars (Shoals:1)
  4 hydras
  2 catoblepae
  A two-headed ogre (D:11)
  2 merfolk aquamancers (Shoals:2)
  2 death yaks (Shoals:2)
  2 orc high priests (Orc:2)
  3 sea snakes
  6 harpies (Shoals:2)
  A necromancer (D:14)
  An orc sorcerer (Orc:1)
  4 fauns
  An ugly thing (D:11)
  A salamander (D:15)
  5 manticores
  A cyclops (D:12)
  6 merfolk sirens
  3 elephants
  A black mamba (Lair:5)
  A water nymph (Shoals:1)
  4 cane toads
  2 rime drakes (Lair:6)
  An efreet (D:14)
  3 komodo dragons
  7 merfolk
  3 trolls
  2 wind drakes
  5 slime creatures
  A snapping turtle (Shoals:1)
  5 blink frogs
  8 dream sheep
  2 water elementals (Shoals:2)
  2 shadows
  A wraith (D:14)
  2 wyverns
  3 hogs (D:13)
  25 yaks
  A vampire mosquito (D:15)
  A warg (D:9)
  3 water moccasins
  A hornet zombie (D:9)
  2 sky beasts
  3 ice beasts (Lair:4)
  An ogre (Orc:2)
  10 orc warriors
  3 centaurs
  8 bullfrogs
  2 wyvern skeletons
  2 scorpions
  2 howler monkeys
  A bullfrog zombie (D:13)
  A jelly (D:8)
  A hound (D:5)
  16 orc priests
  A centaur skeleton (D:10)
  9 orc wizards
  A bullfrog skeleton (D:6)
  2 hell rats (Lair:3)
  4 ogre zombies (D:9)
  2 hound zombies
  A gnoll (D:7)
  3 adders
  An adder skeleton (D:9)
  An adder zombie (D:6)
  29 orcs
  2 hobgoblin zombies (D:9)
  5 orc zombies (D:9)
250 creatures vanquished.

Vanquished Creatures (others)
  A shadow wraith (D:14)
  A yak (Lair:1)
  25 knights
  4 ancestors
  85 fungi
  128 plants
244 creatures vanquished.

Grand Total: 1152 creatures vanquished

Notes
Turn   | Place    | Note
-------+----------+-------------------------------------------
     0 | D:1      | promet the Ogre Fighter began the quest for the Orb.
     0 | D:1      | Reached XP level 1. HP: 24/24 MP: 1/1
    11 | D:1      | Gained mutation: You possess an exceptional clarity of
                  | mind. [potion of mutation]
    11 | D:1      | Gained mutation: You have an increased reservoir of magic.
                  | (+10% MP) [potion of mutation]
    11 | D:1      | Gained mutation: You have large cloven feet. [potion of
                  | mutation]
    93 | D:1      | Reached XP level 2. HP: 31/33 MP: 2/2
   685 | D:1      | Reached XP level 3. HP: 39/40 MP: 3/3
   840 | D:1      | Found a sparkling altar of Nemelex Xobeh.
  1434 | D:2      | Reached XP level 4. HP: 34/49 MP: 4/4
  1536 | D:2      | Found a faded altar of an unknown god.
  1706 | D:2      | Reached skill level 5 in Fighting
  2445 | D:3      | Reached XP level 5. HP: 57/57 MP: 5/5
  2754 | D:3      | Learned a level 1 spell: Corona
  3157 | D:3      | Found a shadowy altar of Dithmenos.
  3157 | D:3      | Found a shimmering altar of Xom.
  3735 | D:4      | Noticed an ogre
  3739 | D:4      | Killed an ogre
  3740 | D:4      | Reached skill level 6 in Fighting
  3740 | D:4      | Reached XP level 6. HP: 67/67 MP: 5/7
  3770 | D:4      | Found a staircase to the Ecumenical Temple.
  3833 | D:4      | Learned a level 1 spell: Magic Dart
  3836 | Temple   | Entered the Ecumenical Temple
  3899 | Temple   | Became a worshipper of Hepliaklqana the Forgotten
  3998 | D:4      | Found a hide-covered altar of Uskayaw.
  4001 | D:4      | Found a snail-covered altar of Cheibriados.
  4001 | D:4      | Found an opulent altar of Gozag.
  4002 | D:4      | Found a sacrificial altar of Ru.
  4007 | D:4      | Found a radiant altar of Vehumet.
  4008 | D:4      | Found a broken altar of Ashenzari.
  4227 | D:4      | Found Soor's Jewellery Shop.
  4267 | D:4      | Bought an uncursed ring of poison resistance for 260 gold
                  | pieces
  4314 | D:5      | Entered Level 5 of the Dungeon
  4567 | D:5      | Reached XP level 7. HP: 67/67 MP: 7/9
  4639 | D:5      | Reached skill level 1 in Spellcasting
  5046 | D:5      | Reached skill level 5 in Axes
  5177 | D:5      | Reached skill level 7 in Fighting
  5425 | D:5      | Reached XP level 8. HP: 26/78 MP: 10/10
  5692 | D:5      | Reached * piety under Hepliaklqana
  5972 | D:6      | Reached skill level 1 in Stealth
  6008 | D:6      | Identified a scroll of acquirement
  6008 | D:6      | Acquired the ring of Satyriasis {*Drain rF+ rC+ Dex+6
                  | Slay+3 Stlth+}
  6150 | D:6      | Reached skill level 1 in Maces & Flails
  6193 | D:6      | Reached skill level 8 in Fighting
  6979 | D:7      | Noticed Joseph
  7226 | D:7      | Found an opulent altar of Gozag.
  7244 | D:7      | Reached XP level 9. HP: 80/87 MP: 11/11
  7257 | D:7      | Killed Joseph
  7258 | D:7      | Reached skill level 9 in Fighting
  7258 | D:7      | Reached skill level 5 in Shields
  8217 | D:7      | Learned a level 2 spell: Slow
  8502 | D:7      | Reached ** piety under Hepliaklqana
  8503 | D:7      | Remembered your ancestor Nkonkoni as a knight
  8722 | D:8      | Reached XP level 10. HP: 98/98 MP: 12/12
  8729 | D:8      | Noticed a cyclops
  8734 | D:8      | Killed a cyclops
  8735 | D:8      | Reached skill level 5 in Maces & Flails
  8736 | D:8      | Reached skill level 10 in Fighting
  9176 | D:8      | Reached skill level 1 in Polearms
  9348 | D:8      | Reached skill level 1 in Throwing
  9553 | D:8      | Found Bablapp's Magic Scroll Boutique.
  9556 | D:8      | Bought a scroll of enchant weapon for 97 gold pieces
  9556 | D:8      | Bought a scroll of teleportation for 39 gold pieces
  9556 | D:8      | Bought a scroll of teleportation for 39 gold pieces
  9742 | D:9      | Reached skill level 5 in Dodging
  9762 | D:9      | Reached skill level 1 in Slings
 10604 | D:9      | Found a staircase to the Orcish Mines.
 11064 | D:9      | Reached *** piety under Hepliaklqana
 11284 | D:10     | Entered Level 10 of the Dungeon
 11621 | D:10     | Reached skill level 11 in Fighting
 11717 | D:10     | Reached XP level 11. HP: 101/108 MP: 13/13
 11778 | D:10     | Found a staircase to the Lair.
 11878 | D:10     | Identified the +5 scale mail of the Rose {rElec rPois}
 12221 | D:10     | Reached **** piety under Hepliaklqana
 12266 | D:10     | Killed an unseen horror
 12544 | Lair:1   | Entered Level 1 of the Lair of Beasts
 13068 | Lair:1   | Learned a level 1 spell: Animate Skeleton
 13152 | Lair:1   | Noticed a seven-headed hydra
 13167 | Lair:1   | Killed a seven-headed hydra
 13961 | Lair:1   | Reached skill level 12 in Fighting
 13965 | Lair:1   | Found a shadowy altar of Dithmenos.
 14035 | Lair:1   | Noticed an oklob plant
 14048 | Lair:1   | Killed an oklob plant
 14230 | Lair:1   | Reached skill level 5 in Polearms
 14940 | Lair:1   | Reached XP level 12. HP: 105/119 MP: 14/14
 15250 | Lair:2   | Noticed a five-headed hydra
 15257 | Lair:2   | Killed a five-headed hydra
 15258 | Lair:2   | Reached skill level 13 in Fighting
 16525 | Lair:2   | Noticed a six-headed hydra
 16541 | Lair:2   | Killed a six-headed hydra
 17268 | Lair:3   | Found a runed translucent door.
 17268 | Lair:3   | Noticed a boulder beetle
 17301 | Lair:3   | Killed a boulder beetle
 17467 | Lair:3   | Noticed slughead422's ghost (journeyman GrFi)
 17499 | Lair:3   | Reached ***** piety under Hepliaklqana
 17533 | Lair:3   | Reached skill level 14 in Fighting
 17943 | Lair:3   | Reached XP level 13. HP: 132/133 MP: 16/16
 18638 | Lair:3   | Found a hole to the Spider Nest.
 18991 | Lair:3   | Noticed Rupert
 19445 | Lair:3   | Reached skill level 1 in Necromancy
 19614 | Lair:3   | Killed Rupert
 19618 | Lair:3   | Reached skill level 5 in Stealth
 20354 | Lair:4   | Reached skill level 1 in Long Blades
 20775 | Lair:4   | Reached skill level 15 in Fighting
 22283 | Lair:4   | Found a staircase to the Shoals.
 22682 | Lair:5   | Reached skill level 1 in Invocations
 23003 | Lair:5   | Reached skill level 5 in Throwing
 23535 | Lair:5   | Reached XP level 14. HP: 143/143 MP: 19/19
 25231 | Lair:6   | Entered Level 6 of the Lair of Beasts
 25249 | Lair:5   | HP: 5/144 [black mamba (10)]
 26999 | Lair:6   | Reached skill level 16 in Fighting
 27943 | Lair:6   | Noticed Snorg
 27954 | Lair:6   | Killed Snorg
 29163 | Lair:6   | Reached skill level 5 in Invocations
 29587 | Lair:6   | Noticed a dire elephant
 29609 | Lair:6   | Killed a dire elephant
 30299 | Lair:6   | Reached XP level 15. HP: 133/153 MP: 21/21
 30401 | Lair:6   | Learned a level 2 spell: Blink
 30989 | Lair:6   | Found a viscous altar of Jiyva.
 30989 | Lair:6   | Found a staircase to the Slime Pits.
 31464 | D:11     | Got a crude robe
 31475 | D:11     | Identified the +1 robe of Egalitarianism {rPois rC++ Int-2
                  | Stlth+} (You found it on level 11 of the Dungeon)
 32971 | D:12     | Reached skill level 17 in Fighting
 34214 | D:13     | Reached ****** piety under Hepliaklqana
 34697 | D:13     | Noticed Kirke
 35053 | D:13     | Found a broken altar of Ashenzari.
 35310 | D:13     | Killed Kirke
 35613 | D:13     | Noticed a tengu reaver
 35613 | D:13     | Noticed a sphinx
 36000 | D:13     | Killed a sphinx
 36220 | D:13     | Identified the amulet "Jatwuffi" {Acrobat rN+ Dex-2 Slay+2}
 36987 | D:13     | Killed a tengu reaver
 37384 | D:14     | Found a glowing golden altar of the Shining One.
 37405 | D:14     | Noticed Louise
 37437 | D:14     | Killed Louise
 38877 | D:14     | Learned a level 2 spell: Call Imp
 38880 | D:14     | Learned a level 2 spell: Ensorcelled Hibernation
 39266 | D:14     | Reached skill level 10 in Maces & Flails
 39277 | D:14     | Found a gate to the Vaults.
 39325 | D:15     | Entered Level 15 of the Dungeon
 39325 | D:15     | Found a blossoming altar of Fedhas.
 39599 | D:15     | Found a portal to a secret trove of treasure.
 40480 | D:15     | Reached XP level 16. HP: 155/166 MP: 23/23
 40814 | D:15     | Found a staircase to the Depths.
 41738 | Orc:1    | Entered Level 1 of the Orcish Mines
 43432 | Orc:1    | Gained mutation: You are clumsy. (Dex -2) [a neqoxec]
 44504 | Orc:1    | Reached skill level 18 in Fighting
 45598 | Orc:1    | Got a wavering tin ring
 45616 | Orc:1    | Identified the ring of Xauj Cugh {rElec rN+ Str-4 Int+3
                  | Stlth+} (You found it on level 1 of the Orcish Mines)
 45795 | Orc:2    | Entered Level 2 of the Orcish Mines
 45821 | Orc:2    | Found a staircase to the Elven Halls.
 46068 | Orc:2    | Found a roughly hewn altar of Beogh.
 47353 | Orc:2    | Found Fits's General Store.
 47353 | Orc:2    | Found Nagunyuj's Gadget Boutique.
 47359 | Orc:2    | Found Umuotzex's Book Shop.
 47359 | Orc:2    | Found Kyikhoul's Gadget Boutique.
 47863 | Orc:2    | Bought the +2 hand axe "Toyl" {freeze, Str+3 Dex+4} for 556
                  | gold pieces
 48324 | Shoals:1 | Entered Level 1 of the Shoals
 49147 | Orc:2    | Bought a wand of flame (29) for 248 gold pieces
 51311 | Shoals:2 | Found Sahovvu's Gadget Emporium.
 51376 | Shoals:2 | Bought a wand of iceblast (13) for 272 gold pieces
 51386 | Shoals:2 | Noticed Polyphemus
 51541 | Shoals:2 | Found Weshromoe's Whimsical Warehouse.
 51541 | Shoals:2 | Found Nion's Gadget Boutique.
 51797 | Shoals:2 | Killed Polyphemus
 52082 | Shoals:2 | Reached XP level 17. HP: 113/176 MP: 24/24
 52799 | Shoals:2 | Bought a wand of flame (12) for 133 gold pieces
 52921 | Shoals:2 | Learned a level 3 spell: Tukima's Dance
 52925 | Shoals:2 | Learned a level 3 spell: Confusing Touch
 52952 | Shoals:2 | Found Rotren's Armour Boutique.
 53679 | Shoals:2 | Reached skill level 19 in Fighting
 55689 | Shoals:2 | HP: 8/178 [poisoned by a merfolk impaler]
 55691 | Shoals:2 | HP: 3/178 [poisoned by a merfolk impaler]
 55693 | Shoals:2 | Succumbed to a merfolk impaler's poison

Illustrated notes

Levels and vault maps discovered:
D:1:      evilmike_arrival_plus, layout_basic, serial_curves, eino_curves_03,
          eino_curves_03, nemelex_xobeh_ov_fountains_minmay
D:2:      layout_loops_cross, chequers_ecumenical_altar_simple_redux
D:3:      layout_basic, gammafunk_temple_overflow_wave
D:4:      layout_rooms, minitemple, minmay_temple_entry_offerings,
          kennysheep_small_circle
D:5:      minmay_clustersquares, layout_gridville
D:6:      layout_loops_ring
D:7:      minmay_chambers_of_fours, layout_loops_ring,
          nicolae_gozag_cash_rules_everything_around_me, uniq_joseph
D:8:      layout_loops_ring, serial_shops, nicolae_shop_behind_doors
D:9:      layout_irregular_city, zombieorc2_lemuel
D:10:     layout_basic, lair_entry_dummy
D:11:     layout_roguey, serial_corexii_hall, corexii_hall_statues_x,
          corexii_hall_statues_x, corexii_hall_statues_deadend,
          corexii_hall_statues_deadend
D:12:     layout_loops_ring
D:13:     minmay_shrinking_squares, layout_small_grid, evilmike_ruin_ashenzari,
          uniq_kirke
D:14:     layout_basic, david_vaults_4, lemuel_doored_altar, kb_rosetta,
          uniq_louise
D:15:     hangedman_depths_entry_try_elsewhere_first, layout_basic,
          trove_entry_hex_spiral, minivault_11, fedhas_altar_3
Temple:   eino_temple_lava
Lair:1:   layout_chaotic_city, lemuel_oklob_altar, grunt_megastairs_4
Lair:2:   layout_gridlike, st_stairs_3
Lair:3:   layout_loops_ring, spider_nest_entry_web_field,
          hellmonk_ghost_happy_afterlife, uniq_rupert
Lair:4:   layout_regular_city, minmay_shoals_entry_lonely_mermaid,
          portal_ice_cave_entry_ice_beasts
Lair:5:   layout_loops_ring
Lair:6:   hangedman_lair_in_review, layout_regular_city,
          dpeg_slime_entry_enclosed_altar, gauntlet_entry_generic,
          lemuel_fruit_fields, grunt_megastairs_3, uniq_snorg
Shoals:1: layout_shoals, nicolae_shoals_stone_sculpture_thing,
          hangedman_shoal_volcano
Shoals:2: layout_shoals, serial_shops, nicolae_shop_crystal, shop, shop,
          nicolae_alphabet_shops, nzn_prometheus_bound, uniq_polyphemus
Shoals:3: layout_shoals, uniq_nikola
Orc:1:    layout_caves, minmay_orc_treasury
Orc:2:    st_orc_mages, layout_caves, basic_altar

Skill      XL: |  1  2  3  4  5  6  7  8  9 10 11 12 13 14 15 16 17 |
---------------+----------------------------------------------------+-----
Dodging        | 3 4 5 6 7 8 9 |  9.6
Shields        | 3 4 5 6 7 8 9 |  9.4
Fighting       | 5 6 7 8 9 11 12 14 15 16 17 18 19 | 19.2
Axes           | 3 4 5 6 7 8 |  8.7
Spellcasting   | 1 2 3 |  3.6
Stealth        | 1 3 4 5 6 |  6.3
Maces & Flails | 2 4 6 7 8 9 10 | 10.6
Polearms       | 1 5 6 9 |  9.9
Throwing       | 2 3 4 5 6 8 9 |  9.0
Slings         | 1 2 |  2.0
Necromancy     | 1 2 |  2.6
Long Blades    | 3 4 |  4.4
Invocations    | 1 5 7 |  7.4
Unarmed Combat | |  0.9
Hexes          | |  0.7
Evocations     | |  0.8

Action                   |  1- 3 |  4- 6 |  7- 9 | 10-12 | 13-15 | 16-18 || total
-------------------------+-------+-------+-------+-------+-------+-------++-------
Melee: War axe           |   107 |   144 |       |       |       |       ||   251
       Kick              |    10 |    40 |    51 |   124 |   306 |   174 ||   705
       Hand axe          |       |    36 |    58 |    69 |    22 |   228 ||   413
       Spear             |       |       |    14 |       |       |       ||    14
       Morningstar       |       |       |     6 |   170 |   244 |    90 ||   510
       Mace              |       |       |    97 |    20 |    41 |       ||   158
       Trident           |       |       |     3 |    58 |    85 |    89 ||   235
       Dire flail        |       |       |     1 |       |       |       ||     1
       Glaive            |       |       |       |    34 |   250 |       ||   284
       Great sword       |       |       |       |       |    50 |       ||    50
       Unarmed           |       |       |       |       |    12 |       ||    12
 Fire: Hunting sling     |       |       |     6 |       |     4 |    10 ||    20
Throw: Large rock        |       |     1 |     5 |    57 |    98 |    86 ||   247
       Dart              |       |       |       |       |     3 |       ||     3
 Cast: Corona            |       |     2 |       |       |     1 |       ||     3
       Animate Skeleton  |       |       |       |     4 |    30 |    12 ||    46
       Magic Dart        |       |       |       |       |     1 |     2 ||     3
Invok: Ancestor Life: Kn |       |       |     1 |       |       |       ||     1
       Recall Ancestor   |       |       |       |     1 |     9 |    13 ||    23
Evoke: Wand              |       |       |       |     4 |     5 |     2 ||    11
       Condenser vane    |       |       |       |       |     1 |       ||     1
  Use: Potion            |     4 |     5 |     1 |     7 |    11 |     5 ||    33
       Scroll            |     3 |     5 |     5 |     9 |    17 |     5 ||    44
 Stab: Distracted        |       |     1 |       |     2 |    10 |     4 ||    17
       Sleeping          |       |       |     8 |     7 |    15 |       ||    30
       Invisible         |       |       |       |     2 |       |       ||     2
Armor: Robe              |    53 |    51 |    38 |    24 |    71 |    41 ||   278
       Skin              |       |       |       |    12 |       |       ||    12
Dodge: Dodged            |    74 |    77 |    67 |   163 |   421 |   310 ||  1112
       Repelled          |       |       |       |       |     6 |     8 ||    14
Block: Kite shield       |    71 |    99 |    83 |   125 |   164 |   282 ||   824
       Other             |       |       |       |       |    72 |       ||    72
       Reflection        |       |       |       |       |    17 |       ||    17
       Rpst.: Great sword |       |       |       |       |    15 |       ||    15
       Long sword        |       |       |       |       |       |     3 ||     3
